 Dungeon Crawl Stone Soup version 0.31-a0-654-gbe3e110b4e (webtiles) character file.

Game seed: 3949984827166913034

471 dondy the Ruffian (level 6, -4/59 HPs)
             Began as a Troll Fighter on Aug 29, 2023.
             Was a Priest of Ru.
             Slain by an orc warrior
             ... wielding a +0 heavy war axe
              (15 damage)
             ... on level 4 of the Dungeon.
             The game lasted 00:06:56 (2667 turns).

dondy the Ruffian (Troll Fighter)                   Turns: 2667, Time: 00:06:56

Health: -4/59      AC:  4    Str: 27    XL:     6   Next: 83%
Magic:  0/5        EV:  9    Int:  4    God:    Ru [***...]
Gold:   256        SH:  8    Dex:  9    Spells: 5/5 levels left

rFire   . .          .
                       - Unarmed
rCold   . . .        b - +0 kite shield
rNeg    . . .        a - +0 robe
rPois   .            (helmet restricted)
rElec   .            (no cloak)
rCorr   .            (gloves unavailable)
SInv    .            (boots unavailable)
Will    .....        f - amulet of guardian spirit
Stlth   +            (no ring)
HPRegen 1.09/turn    (no ring)
MPRegen 0.09/turn

%: guardian spirit
@: no status effects
A: large, unfitting armour, claws 3, regeneration 1, shaggy fur 1, tough skin 1,
hated by all, weak-willed 1
a: Renounce Religion, Draw Out Power


You were on level 4 of the Dungeon.
You worshipped Ru.
Ru was most pleased with you.
You visited 1 branch of the dungeon, and saw 4 of its levels.

You collected 256 gold pieces.

Inventory:

Missiles
 n - a throwing net
Armour
 a - a +0 robe (worn)
 b - a +0 kite shield (worn)
Jewellery
 f - an amulet of guardian spirit (around neck)
Scrolls
 e - a scroll of fog {unknown}
 i - 4 scrolls of identify {unknown}
 j - a scroll of teleportation {unknown}
 k - a scroll of torment {unknown}
 o - a scroll of butterflies {unknown}
 p - a scroll of fear {unknown}
 r - a scroll of poison {unknown}
Potions
 c - a potion of might
 d - a potion of degeneration {unknown}
 g - 4 potions of berserk rage {unknown}
 h - 3 potions of heal wounds {unknown}
 l - a potion of enlightenment {unknown}
 m - a potion of resistance {unknown}
 q - a potion of curing {unknown}


   Skills:
 - Level 2.4 Fighting
 - Level 2.4 Dodging
 + Level 4.6 Shields
 * Level 6.1 Unarmed Combat


You had 5 spell levels left.
You didn't know any spells.
Your spell library contained the following spells:

 Spells                   Type           Power      Damage    Failure   Level
 Freeze                   Ice            0%         1d3       73%         1
 Magic Dart               Conj           0%         1d3       73%         1
 Frozen Ramparts          Ice            0%         1d1       97%         3
 Hailstorm                Conj/Ice       0%         3d3       97%         3
 Mephitic Cloud           Conj/Pois/Air  0%         N/A       97%         3
 Call Imp                 Summ           Unusable   N/A       N/A         2

Dungeon Overview and Level Annotations

Branches:
Dungeon (4/15)
 Temple: D:4-7

Altars:
Cheibriados
Elyvilon
Ru
Sif Muna

Shops:
D:3 :


Innate Abilities, Weirdness & Mutations

You are too large for most types of armour.
You have claws for hands.
Your natural rate of healing is unusually fast.
You are covered in fur. (AC +1)
You have tough skin. (AC +1)
You are hated by all.
You are slightly weak-willed. (Will-)


Message History

You are poisoned.
You barely miss the orc wizard.
You feel very sick.
The orc wizard gestures at you while chanting.
The puff of flame hits you!
You claw the orc wizard!
The orc wizard is almost dead.
You feel sick.
An orc warrior comes into view. It is wielding a +0 heavy war axe.
The orc wizard is stunned by your conviction and fails to attack.
The orc warrior shouts!
You scratch the orc wizard.
You kill the orc wizard!
You feel sick.
You feel sick.
Things that are here:
a +1 dagger of venom; a +0 robe You feel sick.
You scratch the orc warrior but do no damage.
You feel sick.
The orc warrior hits you with a +0 heavy war axe.
You closely miss the orc warrior.
You feel sick. The orc warrior closely misses you.
You barely miss the orc warrior.
You feel sick.
You closely miss the orc warrior.
You feel sick.
You are no longer poisoned.
The orc warrior is stunned by your conviction and fails to attack.
You claw the orc warrior!
The orc warrior is heavily wounded.
The orc warrior hits you with a +0 heavy war axe!
You scratch the orc warrior.
The orc warrior is heavily wounded.
The orc warrior hits you with a +0 heavy war axe!
* * * LOW HITPOINT WARNING * * *
You scratch the orc warrior.
The orc warrior is heavily wounded.
You barely miss the orc warrior.
The orc warrior is heavily wounded.
The orc warrior hits you with a +0 heavy war axe!
You die...

.............# .........###.
.########.#### ########.#... .#
#.### #..... .# #...## .## ###.#.
.# ##...## ...# ###.... ##
#....###...# #......
###...#∩#...### #.#.#..
#############..o###....####.#....
............##.)@# #.....##......
.............##....##....'....>..
..............##.:_###...#.......
.......####...###..#.....#...#.##
.......# ##...#.####.............
.......# #.........<....##.#.....
.......# #..............##.###.##
.......# #..............##.. ...
.......# #..............##### .##


You could see an orc warrior.

Vanquished Creatures
  Sigmund (D:2)
  An orc priest (D:3)
  2 orc wizards
  10 gnolls (D:3)
  5 adders
  2 worms
  A dart slug (D:1)
  4 orcs
  8 bats
  7 endoplasms
  2 giant cockroaches
  8 goblins
  5 hobgoblins
  4 jackals (D:1)
  A quokka (D:2)
  4 ball pythons
  3 frilled lizards
  6 kobolds
  5 rats
79 creatures vanquished.

Notes
Turn   | Place    | Note
-------+----------+-------------------------------------------
     0 | D:1      | dondy the Troll Fighter began the quest for the Orb.
     0 | D:1      | Reached XP level 1. HP: 22/22 MP: 0/0
   149 | D:1      | Reached XP level 2. HP: 28/29 MP: 1/1
   382 | D:1      | Reached skill level 3 in Unarmed Combat
   461 | D:1      | Reached XP level 3. HP: 36/36 MP: 2/2
   480 | D:1      | Found a faded altar of an unknown god.
   554 | D:1      | Prayed at the altar of an unknown god.
   554 | D:1      | Became a worshipper of Ru the Awakened
   595 | D:1      | Gained mutation: You are slightly weak-willed. (Will-) [Ru
                  | sacrifice]
   595 | D:1      | Reached * piety under Ru
   901 | D:2      | Noticed Sigmund
   915 | D:2      | Killed Sigmund
   916 | D:2      | Reached skill level 4 in Unarmed Combat
   916 | D:2      | Reached XP level 4. HP: 39/44 MP: 3/3
   916 | D:2      | Reached XP level 5. HP: 45/50 MP: 4/4
   973 | D:2      | Reached skill level 5 in Unarmed Combat
  1678 | D:3      | Reached XP level 6. HP: 59/59 MP: 3/5
  1871 | D:3      | Found a snail-covered altar of Cheibriados.
  1974 | D:3      | Found a white marble altar of Elyvilon.
  2041 | D:3      | Identified the +1 leather armour of Qehiv {rCorr Int+2}
  2047 | D:3      | Found Kedinusu's Book Shoppe.
  2198 | D:3      | Reached skill level 6 in Unarmed Combat
  2388 | D:3      | Identified the +3 falchion of Watchfulness {freeze, rC-
                  | Int+9 Dex-3}
  2601 | D:4      | Gained mutation: You are hated by all. [Ru sacrifice]
  2601 | D:4      | Reached ** piety under Ru
  2601 | D:4      | Reached *** piety under Ru
  2651 | D:4      | Found a shimmering blue altar of Sif Muna.
  2656 | D:4      | Noticed an orc warrior
  2667 | D:4      | Slain by an orc warrior

Illustrated notes

Levels and vault maps discovered:
D:1:      dpeg_arrival_pond, layout_loops_ring,
          shapermc_ecumenical_altar_hornbeckon
D:2:      layout_loops_ring, uniq_sigmund
D:3:      layout_basic, amcnicky_altar_gilded, mainiacjoe_overflow_catwalk,
          serial_shops, nicolae_shop_crystal, serial_aquarium,
          aquarium_bridge_island_small [aquarium_subvault_small_open,
          aquarium_subvault_bridge, aquarium_subvault_bridge,
          aquarium_subvault_wall, aquarium_subvault_balcony],
          aquarium_window_corner, aquarium_window_fake, aquarium_window_corner,
          aquarium_view_2e, aquarium_pool_side
D:4:      layout_basic, nzn_overflow_gifts_of_might_and_magic,
          minmay_temple_entry_proselytizer, nicolae_ossuary_entry_plus,
          serial_shops, shop, grunt_decor_junction

Skill      XL: |  1  2  3  4  5  6 |
---------------+-------------------+-----
Shields        | 3 4 |  4.6
Unarmed Combat | 3 4 5 6 |  6.1
Fighting       | |  2.4
Dodging        | |  2.4

Action                     |  1- 3 |  4- 6 || total
---------------------------+-------+-------++-------
  Melee: Unarmed           |    89 |   131 ||   220
 Invoke: Sacrifice Essence |     1 |       ||     1
         Sacrifice Love    |       |     1 ||     1
   Stab: Sleeping          |       |     1 ||     1
 Armour: Robe              |    17 |    25 ||    42
  Dodge: Dodged            |    26 |    50 ||    76
  Block: Kite shield       |    25 |    49 ||    74

Table legend: (Time is in decaauts)
 A = Elapsed time spent in this place.
 B = Non-inter-level travel time spent in this place.
 C = Inter-level travel time spent in this place.
 D = Time resting spent in this place.
 E = Time spent auto-exploring this place.
 F = Levels seen in this place.
 G = Mean time per level.
                   A        B        C        D        E       F      G
               +--------+--------+--------+--------+--------+-----+--------+
         Total |   2672 |   2565 |    107 |     13 |   2049 |   4 |  668.0 |
       Dungeon |   2672 |   2565 |    107 |     13 |   2049 |   4 |  668.0 |
               +--------+--------+--------+--------+--------+-----+--------+

Top non-repeatable levels by time:
     D:3: 871 daAuts
     D:1: 839 daAuts
     D:2: 834 daAuts
     D:4: 128 daAuts
